 Dungeon Crawl Stone Soup version 0.28.0-49-g6dfe1f597d (webtiles) character file.

Game seed: 10730141450048318591

24 greasedhog the Shield-Bearer (level 3, 0/30 HPs)
             Began as a Formicid Fighter on May 15, 2022.
             Succumbed to an adder's poison
             ... on level 2 of the Dungeon.
             The game lasted 00:01:16 (858 turns).

greasedhog the Shield-Bearer (Formicid Fighter)      Turns: 858, Time: 00:01:16

Health: 0/30       AC:  6    Str: 22    XL:     3   Next: 15%
Magic:  3/3        EV:  9    Int:  7    God:
Gold:   28         SH:  4    Dex: 10    Spells: 2/2 levels left

rFire   . . .      SeeInvis +     - Unarmed
rCold   . . .      Faith    .   b - +0 buckler
rNeg    . . .      Spirit   .   a - +0 scale mail
rPois   .          Reflect  .   (helmet unavailable)
rElec   .          Harm     .   (no cloak)
rCorr   .          Rampage  .   (no gloves)
Will    .....                   (no boots)
Stlth   ..........              (no amulet)
HPRegen 0.10/turn               (no ring)
MPRegen 0.08/turn               (no ring)

@: lethally poisoned (0 -> -7)
A: permanent stasis, dig shafts and tunnels, antennae 3, four strong arms
a: Dig, Shaft Self


You were on level 2 of the Dungeon.
You visited 1 branch of the dungeon, and saw 2 of its levels.

You collected 28 gold pieces.

Inventory:

Armour
 a - a +0 scale mail (worn)
 b - a +0 buckler (worn)
Scrolls
 e - a scroll of immolation {unknown}
 f - a scroll of identify {unknown}
 g - a scroll of fear {unknown}
 h - a scroll of teleportation {unknown}
 j - a scroll of fog {unknown}
Potions
 c - a potion of might
 d - a potion of attraction {unknown}
 i - a potion of invisibility {unknown}


   Skills:
 * Level 3.9 Fighting
 - Level 3.2 Armour
 * Level 4.3 Shields
 - Level 2.0 Unarmed Combat


You had 2 spell levels left.
You didn't know any spells.
Your spell library was empty.

Dungeon Overview and Level Annotations

Branches:
Dungeon (2/15)

Altars:


Innate Abilities, Weirdness & Mutations

You cannot be hasted, slowed, berserked, paralysed or teleported.
You can dig through walls and to a lower floor.
You have a pair of large antennae on your head. (SInv)
Your four strong arms can wield two-handed weapons with a shield.


Message History

You feel sick. The adder bites you but does no damage.
You feel sick.
You feel sick. The adder bites you.
* * * LOW HITPOINT WARNING * * *
The adder closely misses you.
You feel sick.
You feel sick.
You are too injured to fight recklessly!
You miss the adder.
You feel sick. The adder bites you but does no damage.
You closely miss the adder.
You feel sick. The adder closely misses you.
You miss the adder.
You feel sick.
You are no longer poisoned.
The adder closely misses you. You block the adder's attack.
You hit the adder.
The adder is lightly wounded.
The adder barely misses you.
You hit the adder.
The adder is moderately wounded.
The adder bites you but does no damage.
You barely miss the adder.
The adder is moderately wounded.
The adder barely misses you.
You miss the adder.
The adder is moderately wounded.
The adder bites you but does no damage. The adder closely misses you.
You hit the adder.
The adder is heavily wounded.
The adder bites you but does no damage.
You barely miss the adder.
The adder is heavily wounded.
The adder bites you but does no damage.
You hit the adder.
The adder is severely wounded.
The adder bites you.
* * * LOW HITPOINT WARNING * * *
You are lethally poisoned!
The adder poisons you! The adder bites you but does no damage.
You hit the adder.
The adder is almost dead.
You die...

#############
#...........#
#...........#
#...........# ######
#......!....# #.<..#
#...........######.#
#...........SS@....#
#...........########
#...........#
#...........#
.#.########## #.


You could see 2 adders.

Vanquished Creatures
  A dart slug (D:1)
  2 ball pythons (D:1)
  A bat (D:1)
  3 endoplasms (D:1)
  3 goblins (D:1)
  A hobgoblin (D:1)
  A quokka (D:1)
  3 kobolds (D:1)
  6 rats (D:1)
21 creatures vanquished.

Notes
Turn   | Place    | Note
-------+----------+-------------------------------------------
     0 | D:1      | greasedhog the Formicid Fighter began the quest for the
                  | Orb.
     0 | D:1      | Reached XP level 1. HP: 18/18 MP: 1/1
   195 | D:1      | Reached XP level 2. HP: 24/24 MP: 2/2
   196 | D:1      | Reached skill level 4 in Shields
   533 | D:1      | Reached XP level 3. HP: 30/30 MP: 3/3
   858 | D:2      | Succumbed to an adder's poison

Illustrated notes

Levels and vault maps discovered:
D:1:      heliophobic_arrival_dark_side_of_the_moon, layout_rooms,
          eino_curves_01
D:2:      layout_basic, dreamdust_ecumenical_altar_drowned_temple,
          corexii_item_surrounded_by_moat, uniq_crazy_yiuf_cottage

Skill      XL: |  1  2 |
---------------+-------+-----
Shields        | 4 |  4.3
Fighting       | |  3.9
Armour         | |  3.2
Unarmed Combat | |  2.0

Action                   || total
-------------------------++-------
Melee: Unarmed           ||    86
Armor: Scale mail        ||    38
Dodge: Dodged            ||    23
Block: Buckler           ||    11
